 Dungeon Crawl Stone Soup version 0.17.2 (webtiles) character file.

95 MistressOfTheDunes the Insei (level 4, 0/35 HPs)
             Began as a Mummy Monk on July 14, 2016.
             Killed from afar by a kobold (9 damage)
             ... with a wand of magic darts
             ... on level 3 of the Dungeon.
             The game lasted 00:02:26 (2520 turns).

MistressOfTheDunes the Insei (Mummy Monk)           Turns: 2520, Time: 00:02:26

Health: 0/35       AC:  2    Str: 14    XL:     4   Next: 40%
Magic:  4/4        EV: 19    Int: 12    God:
Gold:   157        SH:  0    Dex: 15    Spells: 0 memorised, 3 levels left

rFire  x . .     SeeInvis .       - Unarmed
rCold  + . .     Clarity  .     (no armour)
rNeg   + + +     SustAt   .     (no shield)
rPois  ∞         Gourm    .     f - +1 helmet {Int+3}
rElec  .         Spirit   .     (no cloak)
rCorr  .         Warding  .     (no gloves)
rMut   .         Stasis   .     (no boots)
MR     .....                    (no amulet)
Stlth  ++........               (no ring)
                                e - +6 ring of evasion

@: not resistant to hostile enchantments, unstealthy
A: no food or potions, fire vulnerability, cold resistance 1, negative energy
resistance 3, torment resistance, unbreathing
a: no special abilities


You were on level 3 of the Dungeon.
You were not hungry.

You visited 1 branch of the dungeon, and saw 3 of its levels.

You collected 157 gold pieces.


Innate Abilities, Weirdness & Mutations

You do not eat or drink.
Your flesh is vulnerable to fire.
You are immune to poison.
Your flesh is cold resistant.
You are immune to negative energy.
You are immune to unholy pain and torment.
You can survive without breathing.


   Skills:
 - Level 3.0 Fighting
 - Level 2.4 Dodging
 - Level 1.5 Stealth
 + Level 4.9 Unarmed Combat


You had 3 spell levels left.
You didn't know any spells.

Inventory:

Armour
 f - a +1 helmet of intelligence (worn)
Jewellery
 e - a +6 ring of evasion (left hand)
Scrolls
 a - 2 scrolls of identify {unknown}
 b - a scroll of recharging {unknown}
 c - a scroll of magic mapping {unknown}
 d - 3 scrolls of amnesia {unknown}
 g - a scroll of noise {unknown}
 h - a scroll of blinking {unknown}
 i - a scroll of enchant weapon {unknown}
 j - a scroll of teleportation {unknown}

Dungeon Overview and Level Annotations

Branches:
Dungeon (3/15)

Altars:
Vehumet

▒▒..▒._.▒...[▒▒.
▒▒.........▒.....
▒......▒.......%.
..........K......
........▒.......
........▒...▒▒...
.................
▒...............▒
▒...▒.†M.......▒
▒▒ ▒..........▒
▒..........▒
▒..<.......▒
▒..........▒
▒▒▒▒▒▒▒▒▒▒▒▒


You could see a kobold.


Message History

You beat the rat into a bloody pulp!!!
You annihilate the rat!!!
No target in view!!!
No target in view!!!
No target in view!!!
No target in view!!!
No target in view!!!
No target in view!!!
No target in view!!!
A kobold comes into view!
You see here a goblin corpse!
A kobold is nearby!!!
A kobold is nearby!!!
The kobold zaps a wand!
The magic dart hits you!!!
It is a wand of magic darts!
Found a meat ration and a scale mail!
The kobold zaps a wand!
The magic dart hits you!!! * * * don't die
* * *
Found a radiant altar of Vehumet!
You are too injured to fight recklessly!!!
You are too injured to fight recklessly!!!
You are too injured to fight recklessly!!!
You are too injured to fight recklessly!!!
You are too injured to fight recklessly!!!
You are too injured to fight recklessly!!!
You are too injured to fight recklessly!!!
You are too injured to fight recklessly!!!
The kobold zaps a wand!
The magic dart hits you!!! * * * don't die
* * * The kobold zaps a wand!
The magic dart hits you!!! rip

Action                   |  1- 3 |  4- 6 || total
-------------------------+-------+-------++-------
Melee: Unarmed           |   168 |    38 ||   206
 Stab: Sleeping          |     4 |     2 ||     6

Vault maps used:
D:1:      scummos_arrival_simple_fountains, st_stairs_12
D:2:      uniq_robin
D:3:      vehumet_altar_wand_db

Notes
Turn   | Place    | Note
--------------------------------------------------------------
     0 | D:1      | MistressOfTheDunes the Mummy Monk began the quest for the Orb.
     0 | D:1      | Reached XP level 1. HP: 18/18 MP: 1/1
   689 | D:1      | Reached XP level 2. HP: 18/24 MP: 2/2
  1288 | D:2      | Reached skill level 4 in Unarmed Combat
  1497 | D:2      | Reached XP level 3. HP: 18/29 MP: 3/3
  1507 | D:2      | Noticed Robin
  1595 | D:1      | Killed Robin
  2170 | D:2      | Reached XP level 4. HP: 31/35 MP: 4/4
  2518 | D:3      | Found a radiant altar of Vehumet.
  2520 | D:3      | Killed from afar by a kobold

Vanquished Creatures
  Robin (D:1)
  3 adders (D:2)
  A worm (D:2)
  An orc (D:3)
  6 bats
  2 giant cockroaches
  7 goblins
  8 hobgoblins
  6 jackals
  3 giant geckos (D:2)
  2 giant newts
  4 kobolds
  8 rats
52 creatures vanquished.
